 Dungeon Crawl Stone Soup version 0.26-a0-597-gb535b0901c (webtiles) character file.

Game seed: 11673052115593669607

151 Lanoc the Poker (level 5, -1/42 HPs)
             Began as a Merfolk Chaos Knight on Sept 3, 2020.
             Was a Plaything of Xom.
             Slain by a bullfrog (4 damage)
             ... on level 4 of the Dungeon.
             The game lasted 00:03:03 (889 turns).

Lanoc the Poker (Merfolk Chaos Knight)               Turns: 889, Time: 00:03:03

Health: -1/42      AC:  5    Str: 12      XL:     5   Next: 33%
Magic:  5/5        EV: 13    Int: 11      God:    Xom [....*.]
Gold:   89         SH:  0    Dex: 14 (15) Spells: 4/4 levels left

rFire    . . .     SeeInvis .   a - +0 spear (chaos)
rCold    . . .     Faith    .   (no shield)
rNeg     . . .     Spirit   .   b - +2 leather armour
rPois    .         Reflect  .   (no helmet)
rElec    .         Harm     .   (no cloak)
rCorr    .                      (no gloves)
MR       .....                  (no boots)
Stlth    +.........             (no amulet)
HPRegen  0.14/turn              (no ring)
MPRegen  0.09/turn              (no ring)

@: no status effects
A: change form in water, swift swim, stealthy swim
a: Renounce Religion


You were on level 4 of the Dungeon.
You worshipped Xom.
You were a beloved toy of Xom.
You visited 1 branch of the dungeon, and saw 4 of its levels.

You collected 89 gold pieces.

Inventory:

Hand Weapons
 a - a +0 spear of chaos (weapon)
Armour
 b - a +2 leather armour (worn)
 c - a +0 helmet
Scrolls
 d - 2 scrolls of identify
Potions
 e - a potion of flight


   Skills:
 + Level 4.1 Fighting
 * Level 6.3 Polearms
 + Level 1.6 Armour
 + Level 3.9 Dodging


You had 4 spell levels left.
You didn't know any spells.
Your spell library was empty.

Dungeon Overview and Level Annotations

Branches:
Dungeon (4/15)
 Temple: D:4-7

Altars:
Ru
Vehumet


Message History

The orc shouts!
You hear a shout!
A scorpion comes into view.
An orc comes into view. It is wielding a +0 mace.
The scorpion moves out of view.
An orc priest comes into view.
The orc priest shouts!
The scorpion stings you.
* * * LOW HITPOINT WARNING * * *
The orc hits you but does no damage.
The orc priest casts a cantrip, but nothing happens.
You hear Xom's avuncular chuckle.
The scorpion evaporates and reforms as a bullfrog!
You hear some strange, mumbled words.
Something tries to affect you, but you resist.
Okay, then.
Okay, then.
The bullfrog barely misses you. The bullfrog hits you.
You die...
Xom snickers!

. #.#.#.....#)..... ##
#.#.#.#.?.......)†#
#...#.#.#.#####.#.#####
.._.......# #.#.# #
...#.#.#.# #.#.#####
#o#.#####.#.....!
#.#.......#######
###.####F#.......#
.......@.#.oo....#
###.######.......#
#.........# #........(#
#.........#
#####+###'### #.#.....#
#.......# ##......#


You could see a bullfrog and an orc.

Vanquished Creatures
  An orc wizard (D:3)
  A worker ant (D:4)
  4 gnolls (D:4)
  An adder (D:2)
  3 dart slugs
  A leopard gecko (D:1)
  3 orcs
  3 bats
  A giant cockroach (D:2)
  2 hobgoblins (D:1)
  A kobold (D:1)
  A quokka (D:3)
  2 frilled lizards
  3 goblins
  A quokka skeleton (D:4)
  3 rats
31 creatures vanquished.

Vanquished Creatures (collateral kills)
  An iguana (D:4)
  A dart slug (D:4)
  An orc (D:4)
3 creatures vanquished.

Grand Total: 34 creatures vanquished

Notes
Turn   | Place    | Note
-------+----------+-------------------------------------------
     0 | D:1      | Lanoc the Merfolk Chaos Knight began the quest for the Orb.
     0 | D:1      | Reached XP level 1. HP: 18/18 MP: 1/1
   167 | D:1      | Reached XP level 2. HP: 21/24 MP: 2/2
   251 | D:1      | XOM: silly message
   342 | D:2      | XOM: silly message
   347 | D:2      | Reached skill level 1 in Armour
   381 | D:2      | Reached skill level 5 in Polearms
   381 | D:2      | Reached XP level 3. HP: 22/29 MP: 3/3
   526 | D:3      | XOM: potion effect (haste)
   538 | D:3      | Reached XP level 4. HP: 35/37 MP: 4/4
   682 | D:4      | XOM: blink monster(s)
   688 | D:4      | Reached skill level 6 in Polearms
   712 | D:4      | XOM: summons 2 hostile demons
   713 | D:4      | XOM: potion effect (haste)
   715 | D:4      | XOM: polymorph ufetubus -> white imp
   719 | D:4      | Reached XP level 5. HP: 23/42 MP: 5/5
   730 | D:4      | Found a radiant altar of Vehumet.
   752 | D:4      | XOM: enchant monster (bad)
   767 | D:4      | Found a sacrificial altar of Ru.
   785 | D:4      | XOM: stat loss: -1 Dex (14/15)
   790 | D:4      | XOM: enchant monster (bad)
   834 | D:4      | XOM: summons 4 friendly demons
   884 | D:4      | HP: 2/42 [scorpion (1)]
   885 | D:4      | XOM: polymorph scorpion -> bullfrog
   889 | D:4      | Slain by a bullfrog

Illustrated notes

Levels and vault maps discovered:
D:1:      psy_arrival_dodecagon, layout_loops_cross,
          chequers_serial_rivers_marsh
D:2:      layout_basic, grunt_gozag_breadcrumbs, minmay_distorted
D:3:      layout_rooms, serial_corexii_hall, corexii_hall_statues_l,
          corexii_hall_statues_x, corexii_hall_statues_i,
          chequers_hall_statues_corner_a, chequers_hall_statues_wall_a,
          corexii_hall_statues_u, nrook_campfire
D:4:      layout_basic, kennysheep_mini, lemuel_coloured_pillars_altar,
          nicolae_ru_sacrificial_ziggurat, gup_sewer_entry_spiral

Skill      XL: |  1  2  3  4 |
---------------+-------------+-----
Dodging        | 3 |  3.9
Armour         | 1 |  1.6
Polearms       | 5 6 |  6.3
Fighting       | 4 |  4.1

Action                   |  1- 3 |  4- 6 || total
-------------------------+-------+-------++-------
Melee: Spear             |    81 |    65 ||   146
  Use: Potion            |       |     2 ||     2
       Scroll            |       |     3 ||     3
 Stab: Sleeping          |     1 |       ||     1
Armor: Leather armour    |    18 |    24 ||    42
Dodge: Dodged            |    24 |    40 ||    64

Table legend: (Time is in decaauts)
 A = Elapsed time spent in this place.
 B = Non-inter-level travel time spent in this place.
 C = Inter-level travel time spent in this place.
 D = Time resting spent in this place.
 E = Time spent auto-exploring this place.
 F = Levels seen in this place.
 G = Mean time per level.
                   A        B        C        D        E       F      G
               +--------+--------+--------+--------+--------+-----+--------+
         Total |    837 |    824 |     13 |      0 |    494 |   4 |  209.2 |
       Dungeon |    837 |    824 |     13 |      0 |    494 |   4 |  209.2 |
               +--------+--------+--------+--------+--------+-----+--------+

Top non-repeatable levels by time:
     D:1: 283 daAuts
     D:2: 215 daAuts
     D:4: 195 daAuts
     D:3: 144 daAuts
